AoeStats
← helldingdingDSSRRedededdd SD

Arabia

510545162Analyzed
1v1 RM · 2d ago on Oct 1, 2026· 68m 6s· 2 players
Game mode
Random Map
Map size
Tiny (2 player)
Population
200
Speed
Normal
Resources
Standard
Victory
Conquest
Starting age
Dark Age
Ending age
Imperial Age
RankedLock teamsTeams togetherTeam positionsShared explorationLock speedFull tech treeHidden civsTurbo modeCheats
Victory
Defeat
🇮🇳 Khitans · India
1054
+15
🇭🇰 Britons · Hong Kong SAR China
1032
-15
helldingdingDSSRRedededdd SD
9:25 Feudal Age
9:16 Loom
9:58 Double-Bit Axe
13:01 Fletching
20:43 Castle Age
19:00 Gold Mining
21:18 Padded Archer Armor
21:16 Crossbowman
22:12 Bodkin Arrow
23:21 Ballistics
38:27 Imperial Age
38:30 Yeomen
38:46 Scale Mail Armor
39:02 Leather Archer Armor
38:14 Man-at-Arms
38:55 Squires
38:41 Gambesons
38:57 Long Swordsman
39:52 Bracer
41:21 Two-Handed Swordsman
42:26 Chain Mail Armor
44:15 Bow Saw
44:41 Plate Mail Armor
44:41 Champion
46:38 Forging
48:12 Iron Casting
48:15 Arson
47:56 Pikeman
50:23 Chemistry
49:29 Siege Engineers
49:05 Treadmill Crane
50:41 Two-Man Saw
50:51 Conscription
51:46 Blast Furnace
51:23 Elite Longbowman
53:27 Gold Shaft Mining
52:42 Stone Mining
53:35 Wheelbarrow
59:49 Leather Archer Armor
63:34 Warwolf
64:34 Hand Cart
Kai_Aries
5:47 Loom
11:46 Feudal Age
12:28 Double-Bit Axe
16:44 Domestication
18:07 Forging
20:10 Scale Barding Armor
23:19 Castle Age
22:04 Town Watch
24:39 Husbandry
25:16 Iron Casting
25:19 Bow Saw
26:32 Gold Mining
28:34 Fletching
29:23 Bodkin Arrow
28:58 Elite Skirmisher
32:52 Ballistics
34:39 Padded Archer Armor
35:51 Leather Archer Armor
39:41 Imperial Age
39:12 Pastoralism
41:13 Ring Archer Armor
40:47 Bracer
41:04 Capped Ram
43:00 Chemistry
44:41 Siege Ram
45:49 Conscription
47:01 Ring Archer Armor
46:34 Stone Mining
47:57 Wheelbarrow
48:00 Chain Barding Armor
47:57 Scale Mail Armor
47:51 Light Cavalry
49:39 Treadmill Crane
50:32 Lamellar Armor
49:49 Elite Liao Dao
50:26 Hussar
51:10 Murder Holes
52:32 Chain Mail Armor
53:43 Chain Barding Armor
56:29 Plate Mail Armor
60:29 Plate Barding Armor
67:51 Ordo Cavalry
Connection lost

Rejoining the realm…

Still unreachable

The connection could not be restored.

Session expired

The server has moved on; the page needs a fresh start.